 Dungeon Crawl Stone Soup version 0.28.0 (webtiles) character file.

Game seed: 15893719883955979528

1 ZeeToo the Firebug (level 1, 0/11 HPs)
             Began as a Vine Stalker Cinder Acolyte on Feb 6, 2022.
             Was a High Priest of Ignis.
             Slain by a frilled lizard (2 damage)
             ... on level 1 of the Dungeon.
             The game lasted 00:01:01 (20 turns).

ZeeToo the Firebug (Vine Stalker Cinder Acolyte)      Turns: 20, Time: 00:01:01

Health: 0/11       AC:  2    Str: 16    XL:     1   Next: 20%
Magic:  0/3        EV: 11    Int: 14    God:    Ignis [*****.]
Gold:   0          SH:  0    Dex:  9    Spells: 2/2 levels left

rFire   + . .      SeeInvis .   a - -1 falchion (flame)
rCold   . . .      Faith    .   (no shield)
rNeg    . . .      Spirit   +   b - +0 robe
rPois   .          Reflect  .   (no helmet)
rElec   .          Harm     .   (no cloak)
rCorr   .          Rampage  .   (no gloves)
Will    .....                   (no boots)
Stlth   +.........              (no amulet)
HPRegen 0.03/turn               (no ring)
MPRegen 0.08/turn               (no ring)

@: no status effects
A: fangs 2, magic shield, antimagic bite, no potion heal 2
a: Renounce Religion, Fiery Armour, Foxfire Swarm, Rising Flame


You were on level 1 of the Dungeon.
You worshipped Ignis.
Ignis was extremely pleased with you.
You visited 1 branch of the dungeon, and saw 1 of its levels.

Inventory:

Hand Weapons
 a - a -1 falchion of flaming (weapon)
Armour
 b - a +0 robe (worn)


   Skills:
 - Level 2.6 Fighting
 + Level 2.8 Long Blades
 - Level 1.1 Spellcasting
 - Level 3.0 Fire Magic


You had 2 spell levels left.
You didn't know any spells.
Your spell library contained the following spells:

 Spells                   Type           Power      Damage    Failure   Level
 Scorch                   Fire           18%        2d5       12%         2
 Animate Skeleton         Necr           0%         N/A       26%         1
 Apportation              Tloc           0%         N/A       26%         1
 Summon Small Mammal      Summ           0%         N/A       26%         1


Dungeon Overview and Level Annotations

Branches:
Dungeon (1/15)

Altars:


Innate Abilities, Weirdness & Mutations

You have extremely sharp teeth.
When hurt, damage is shared between your health and your magic reserves.
Your bite disrupts and absorbs the magic of your enemies.
Potions cannot restore your health.


Message History

The astounding Orb of Zot lies far below, as if waiting for you to find it.
The flames of Ignis gently warm you.
Press ? for a list of commands and other information.
Found a book of Cantrips.
Found a staircase leading out of the dungeon.
You don't know any spells.
You pick up a book of Cantrips and begin reading...
You add the spells Animate Skeleton, Summon Small Mammal and Apportation to your library.
You open the door.
A goblin comes into view. It is wielding a +0 dagger.
Setting a skill training target for Long Blades at 14.0.
Found a scroll labelled VAASESAIPA.
The goblin shouts!
A frilled lizard comes into view.
There is an open door here.
Found 14 stones.
Found a scroll labelled CIDOUF ZANEI.
The goblin hits you with a +0 dagger.
You closely miss the goblin. You bite the goblin. You drain its power.
You feel invigorated.
The goblin is moderately wounded.
The goblin hits you with a +0 dagger.
You hit the goblin. You burn the goblin.
You kill the goblin!
You barely miss the frilled lizard. Your bite misses the frilled lizard.
The frilled lizard bites you but does no damage.
You barely miss the frilled lizard. Your bite misses the frilled lizard.
The frilled lizard bites you.
You miss the frilled lizard. The frilled lizard bites you.
You barely miss the frilled lizard. Your bite misses the frilled lizard.
The frilled lizard barely misses you. The frilled lizard bites you.
You are too injured to fight recklessly!
You miss the frilled lizard. The frilled lizard barely misses you.
You closely miss the frilled lizard. Your bite misses the frilled lizard.
The frilled lizard closely misses you.
You barely miss the frilled lizard. Your bite misses the frilled lizard.
The frilled lizard closely misses you.
You closely miss the frilled lizard. The frilled lizard bites you.
* * * LOW HITPOINT WARNING * * *
You closely miss the frilled lizard. The frilled lizard bites you.
You die...

#.........#
+....<....+
#.........#
#..⌠...⌠..#
#.........#
#.........#
#####'#####
#.###.......#
#(...l@.....#
........)....#
###............#
................
###..........##.
#........?...
#..........###
.....?####.#


You could see a frilled lizard.

Vanquished Creatures
  A goblin (D:1)
1 creature vanquished.

Notes
Turn   | Place    | Note
-------+----------+-------------------------------------------
     0 | D:1      | ZeeToo the Vine Stalker Cinder Acolyte began the quest for
                  | the Orb.
     0 | D:1      | Reached XP level 1. HP: 11/11 MP: 3/3
    20 | D:1      | Slain by a frilled lizard

Illustrated notes

Levels and vault maps discovered:
D:1:      mushboom_english_gardens, layout_basic,
          ebering_ecumenical_altar_sacrificial, minmay_close_crescents

Action                   || total
-------------------------++-------
Melee: Falchion          ||    11
       Bite              ||     1
Armor: Robe              ||     1
Dodge: Dodged            ||     4
